TOP OF THE 1ST |
San Antonio Missions batting - Pitching for Harrisburg Senators : LHP Mike Alcaraz
|
Pitching: LHP Mike Alcaraz
|
|
Batting: RHB Luwen Storm
|
0-0: Fly out, F9 (Flyball, 9LS, EV 66.9 MPH)
|
Batting: RHB John Shaffer
|
0-0: Ball 1-0: Called Strike 1-1: Ball 2-1: Ground out 4-3 (Groundball, 4, EV 88.1 MPH)
|
Batting: LHB Ben Antal
|
0-0: Ball 1-0: SINGLE (Groundball, 13, EV 86.2 MPH) (infield hit)
|
Batting: SHB Devin Hottenstein
|
0-0: Foul Ball, location: 2F 0-1: Foul Ball, location: 2F 0-2: Ball 1-2: Fly out, F5 (Popup, 25F, EV 83.8 MPH)
|
Top of the 1st over - 0 runs, 1 hit, 0 errors, 1 left on base; San Antonio 0 - Harrisburg 0 |
BOTTOM OF THE 1ST |
Harrisburg Senators batting - Pitching for San Antonio Missions : RHP Sean Rice
|
Pitching: RHP Sean Rice
|
|
Batting: SHB Dan Castaneda
|
0-0: Ball 1-0: Ball 2-0: SINGLE (Flyball, 78S, EV 96.2 MPH)
|
Batting: RHB Pat Drader
|
0-0: Ball 1-0: Foul Ball, location: 2F 1-1: Ball 2-1: Ball 3-1: Called Strike Dan Castaneda steals 2nd base 3-2: SINGLE (Line Drive, 34, EV 98.1 MPH) Dan Castaneda to third
|
Batting: RHB Ryan Hiemer
|
0-0: TRIPLE (Flyball, 9LM, EV 102.5 MPH) Dan Castaneda scores Pat Drader scores
|
Batting: RHB Deshawn Boseman
|
0-0: Foul Ball, location: 2F 0-1: Foul Ball, location: 2F 0-2: Ball 1-2: Foul Ball, location: 2F 1-2: Foul Ball, location: 2F 1-2: Strikes out looking
|
Batting: RHB Jon Buscher
|
0-0: Called Strike 0-1: Foul Ball, location: 2F 0-2: Ground out 6-3 (Groundball, 6, EV 101.2 MPH) Ryan Hiemer scores
|
Batting: RHB John McNeill
|
0-0: Called Strike 0-1: Ground out 6-3 (Groundball, 6, EV 101.9 MPH)
|
Bottom of the 1st over - 3 runs, 3 hits, 0 errors, 0 left on base; San Antonio 0 - Harrisburg 3 |
TOP OF THE 2ND |
San Antonio Missions batting - Pitching for Harrisburg Senators : LHP Mike Alcaraz
|
Batting: RHB Scott Schwartz
|
0-0: Foul Ball, location: 2F 0-1: Ball 1-1: Ball 2-1: Ball 3-1: SINGLE (Groundball, 34D, EV 105.6 MPH) (infield hit)
|
Batting: LHB Javy Portela
|
0-0: Foul Ball, location: 2F 0-1: Ball 1-1: Ball 2-1: Fielders Choice at 2nd, 5-4 (Groundball, 5, EV 105.6 MPH)
|
Batting: SHB Curtis Thompson
|
0-0: Swinging Strike 0-1: Ball 1-1: Swinging Strike 1-2: DOUBLE (Line Drive, 7LM, EV 100.6 MPH) Javy Portela to third
|
Batting: RHB Mario Mejia
|
0-0: Ball 1-0: Swinging Strike 1-1: Fly out, F8 (Line Drive, 8RD, EV 86.2 MPH) Runner from 3rd tags up, SCORES, throw by CF Curtis Thompson to third
|
Batting: LHB Josh Slusarczyk
|
0-0: Called Strike 0-1: Ball 1-1: Ground out 4-3 (Groundball, 4, EV 91.9 MPH)
|
Top of the 2nd over - 1 run, 2 hits, 0 errors, 1 left on base; San Antonio 1 - Harrisburg 3 |
BOTTOM OF THE 2ND |
Harrisburg Senators batting - Pitching for San Antonio Missions : RHP Sean Rice
|
Batting: RHB Justin Slifka
|
0-0: Swinging Strike 0-1: Foul Ball, location: 2F 0-2: SOLO HOME RUN (Line Drive, 9D, EV 96.9 MPH), Distance : 353 ft
|
Batting: RHB Tony Madrigal
|
0-0: Ball 1-0: Swinging Strike 1-1: DOUBLE (Groundball, 3L, EV 108.8 MPH)
|
Batting: RHB Chris Pynn
|
0-0: Ball 1-0: Ball 2-0: Ball 3-0: Called Strike 3-1: DOUBLE (Line Drive, 89XD, EV 107.5 MPH) Tony Madrigal scores
|
Batting: SHB Dan Castaneda
|
0-0: Ball 1-0: Ball 2-0: Called Strike 2-1: Ground out 1-3 (Groundball, 23, EV 66.2 MPH) Chris Pynn to third
|
Batting: RHB Pat Drader
|
0-0: Ball 1-0: Ball 2-0: Called Strike 2-1: Ball 3-1: Swinging Strike 3-2: Foul Ball, location: 2F 3-2: Foul Ball, location: 2F 3-2: Foul Ball, location: 2F 3-2: Ground out 6-3 (Groundball, 6M, EV 95.6 MPH) Chris Pynn scores
|
Batting: RHB Ryan Hiemer
|
0-0: Ground out 6-3 (Groundball, 6, EV 103.1 MPH)
|
Bottom of the 2nd over - 3 runs, 3 hits, 0 errors, 0 left on base; San Antonio 1 - Harrisburg 6 |
TOP OF THE 3RD |
San Antonio Missions batting - Pitching for Harrisburg Senators : LHP Mike Alcaraz
|
Batting: RHB Luwen Storm
|
0-0: Called Strike 0-1: Ball 1-1: Foul Ball, location: 2F 1-2: Ball 2-2: Foul Ball, location: 2F 2-2: Foul Ball, location: 2F 2-2: Ground out 6-3 (Groundball, 6, EV 103.1 MPH)
|
Batting: RHB John Shaffer
|
0-0: Ball 1-0: Ground out U3 (Groundball, 3, EV 96.2 MPH)
|
Batting: LHB Ben Antal
|
0-0: Foul Ball, location: 2F 0-1: Called Strike 0-2: Ball 1-2: Ball 2-2: Ground out 4-3 (Groundball, 4, EV 85.6 MPH)
|
Top of the 3rd over - 0 runs, 0 hits, 0 errors, 0 left on base; San Antonio 1 - Harrisburg 6 |
BOTTOM OF THE 3RD |
Harrisburg Senators batting - Pitching for San Antonio Missions : RHP Sean Rice
|
Batting: RHB Deshawn Boseman
|
0-0: Ball 1-0: Foul Ball, location: 2F 1-1: Foul Ball, location: 2F 1-2: Foul Ball, location: 2F 1-2: Ball 2-2: SINGLE (Groundball, 6MD, EV 102.5 MPH)
|
Pitching: RHP Eric Dighton
|
|
Batting: RHB Jon Buscher
|
0-0: Ball 1-0: Ball 2-0: Ball 3-0: Called Strike 3-1: Called Strike 3-2: Grounds into double play, 4-6-3 (Groundball, 4, EV 98.1 MPH)
|
Batting: RHB John McNeill
|
0-0: Called Strike 0-1: Ground out 5-3 (Groundball, 56, EV 101.2 MPH)
|
Bottom of the 3rd over - 0 runs, 1 hit, 0 errors, 0 left on base; San Antonio 1 - Harrisburg 6 |
TOP OF THE 4TH |
San Antonio Missions batting - Pitching for Harrisburg Senators : LHP Mike Alcaraz
|
Batting: SHB Devin Hottenstein
|
0-0: Called Strike 0-1: Ball 1-1: Ball 2-1: Ground out 4-3 (Groundball, 6M, EV 82.5 MPH)
|
Batting: RHB Scott Schwartz
|
0-0: Called Strike 0-1: Ball 1-1: Foul Ball, location: 2F 1-2: Strikes out swinging
|
Batting: LHB Javy Portela
|
0-0: Hit by Pitch
|
Batting: SHB Curtis Thompson
|
0-0: Foul Ball, location: 2F 0-1: Ball 1-1: Foul Ball, location: 2F 1-2: Fielders Choice at 2nd, 5-4 (Groundball, 56, EV 83.8 MPH)
|
Top of the 4th over - 0 runs, 0 hits, 0 errors, 1 left on base; San Antonio 1 - Harrisburg 6 |
BOTTOM OF THE 4TH |
Harrisburg Senators batting - Pitching for San Antonio Missions : RHP Eric Dighton
|
Batting: RHB Justin Slifka
|
0-0: Ball 1-0: Called Strike 1-1: Foul Ball, location: 2F 1-2: Ball 2-2: Ball 3-2: Strikes out swinging
|
Batting: RHB Tony Madrigal
|
0-0: Ball 1-0: Foul Ball, location: 2F 1-1: Swinging Strike 1-2: Foul Ball, location: 2F 1-2: Ball 2-2: Foul Ball, location: 2F 2-2: SINGLE (Groundball, 4MD, EV 97.5 MPH)
|
Batting: RHB Chris Pynn
|
0-0: Ball 1-0: Called Strike 1-1: Called Strike 1-2: Fly out, F7 (Flyball, 78S, EV 91.2 MPH)
|
Batting: SHB Dan Castaneda
|
0-0: Ball 1-0: DOUBLE (Line Drive, 78D, EV 114.4 MPH) Tony Madrigal to third Runner from 3rd tries for Home, SAFE, throw by LF to home
|
Pitching: RHP John Stepanian
|
|
Batting: RHB Pat Drader
|
0-0: Called Strike 0-1: Fly out, F9 (Flyball, 9S, EV 90.6 MPH)
|
Bottom of the 4th over - 1 run, 2 hits, 0 errors, 1 left on base; San Antonio 1 - Harrisburg 7 |
TOP OF THE 5TH |
San Antonio Missions batting - Pitching for Harrisburg Senators : LHP Mike Alcaraz
|
Batting: RHB Mario Mejia
|
0-0: Ball 1-0: DOUBLE (Flyball, 89D, EV 104.4 MPH)
|
Batting: LHB Josh Slusarczyk
|
0-0: Called Strike 0-1: Fly out, F5 (Popup, 15, EV 70.6 MPH)
|
Batting: RHB Luwen Storm
|
0-0: Ball 1-0: Foul Ball, location: 2F 1-1: Called Strike 1-2: Ball 2-2: Foul Ball, location: 2F 2-2: Foul Ball, location: 2F 2-2: Foul Ball, location: 2F 2-2: Ground out 4-3 (Groundball, 4, EV 80.0 MPH) Mario Mejia to third
|
Batting: RHB John Shaffer
|
0-0: Ball 1-0: Ball 2-0: Ground out 6-3 (Groundball, 56, EV 102.5 MPH)
|
Top of the 5th over - 0 runs, 1 hit, 0 errors, 1 left on base; San Antonio 1 - Harrisburg 7 |
BOTTOM OF THE 5TH |
Harrisburg Senators batting - Pitching for San Antonio Missions : RHP John Stepanian
|
Batting: RHB Ryan Hiemer
|
0-0: Called Strike 0-1: Foul Ball, location: 2F 0-2: Ball 1-2: Ball 2-2: Ball 3-2: Fly out, F3 (Popup, 3, EV 58.8 MPH)
|
Batting: RHB Deshawn Boseman
|
0-0: Called Strike 0-1: Foul Ball, location: 2F 0-2: Ball 1-2: Strikes out swinging
|
Batting: RHB Jon Buscher
|
0-0: Ground out 4-3 (Groundball, 4, EV 91.2 MPH)
|
Bottom of the 5th over - 0 runs, 0 hits, 0 errors, 0 left on base; San Antonio 1 - Harrisburg 7 |
TOP OF THE 6TH |
San Antonio Missions batting - Pitching for Harrisburg Senators : LHP Mike Alcaraz
|
Batting: LHB Ben Antal
|
0-0: Called Strike 0-1: Foul Ball, location: 2F 0-2: Ball 1-2: Ball 2-2: Ball 3-2: Foul Ball, location: 2F 3-2: Foul Ball, location: 2F 3-2: Ground out 3-1 (Groundball, 34, EV 85.6 MPH)
|
Batting: SHB Devin Hottenstein
|
0-0: Called Strike 0-1: Hit by Pitch
|
Batting: RHB Scott Schwartz
|
0-0: Ball 1-0: Ball 2-0: Ground out 5-3 (Groundball, 56, EV 86.9 MPH) Devin Hottenstein to second
|
Pitching: RHP Danny Hoekenga
|
|
Batting: LHB Javy Portela
|
0-0: Ball 1-0: Ball 2-0: Ball 3-0: Base on Balls
|
Batting: SHB Curtis Thompson
|
0-0: Ball 1-0: Called Strike 1-1: Ball 2-1: Called Strike 2-2: Strikes out swinging
|
Top of the 6th over - 0 runs, 0 hits, 0 errors, 2 left on base; San Antonio 1 - Harrisburg 7 |
BOTTOM OF THE 6TH |
Harrisburg Senators batting - Pitching for San Antonio Missions : RHP John Stepanian
|
Batting: RHB John McNeill
|
0-0: Called Strike 0-1: Ground out 6-3 (Groundball, 6, EV 85.6 MPH)
|
Batting: RHB Justin Slifka
|
0-0: Ball 1-0: SOLO HOME RUN (Flyball, 8LXD, EV 114.4 MPH), Distance : 433 ft
|
Batting: RHB Tony Madrigal
|
0-0: Ball 1-0: Called Strike 1-1: Ground out 6-3 (Groundball, 6D, EV 85.0 MPH)
|
Batting: RHB Chris Pynn
|
0-0: Foul Ball, location: 2F 0-1: Ball 1-1: Foul Ball, location: 2F 1-2: Ball 2-2: Foul Ball, location: 2F 2-2: Ground out 4-3 (Groundball, 34, EV 80.6 MPH)
|
Bottom of the 6th over - 1 run, 1 hit, 0 errors, 0 left on base; San Antonio 1 - Harrisburg 8 |
TOP OF THE 7TH |
San Antonio Missions batting - Pitching for Harrisburg Senators : RHP Danny Hoekenga
|
Batting: RHB Mario Mejia
|
0-0: Ball 1-0: Foul Ball, location: 2F 1-1: Foul Ball, location: 2F 1-2: Ball 2-2: Ball 3-2: Reached on error, E6 (Groundball, 6, EV 99.4 MPH)
|
Batting: LHB Josh Slusarczyk
|
0-0: Ball Mario Mejia steals 2nd base 1-0: Foul Ball, location: 2F 1-1: Ball 2-1: DOUBLE (Flyball, 8LXD, EV 101.9 MPH) Mario Mejia scores
|
Batting: RHB Luwen Storm
|
0-0: Swinging Strike 0-1: Ball 1-1: Foul Ball, location: 2F 1-2: Ball 2-2: Foul Ball, location: 2F 2-2: Foul Ball, location: 2F 2-2: Strikes out swinging
|
Pitching: LHP Kyle Bachman
|
|
Batting: RHB John Shaffer
|
0-0: Ball 1-0: Called Strike 1-1: Ground out 4-3 (Groundball, 4S, EV 91.9 MPH) Josh Slusarczyk to third
|
Batting: LHB Ben Antal
|
0-0: Ball 1-0: Swinging Strike 1-1: Swinging Strike 1-2: Foul Ball, location: 2F 1-2: Ball 2-2: Strikes out swinging
|
Top of the 7th over - 1 run, 1 hit, 1 error, 1 left on base; San Antonio 2 - Harrisburg 8 |
BOTTOM OF THE 7TH |
Harrisburg Senators batting - Pitching for San Antonio Missions : RHP John Stepanian
|
Batting: SHB Dan Castaneda
|
0-0: Ball 1-0: Foul Ball, location: 2F 1-1: Called Strike 1-2: Strikes out looking
|
Batting: RHB Pat Drader
|
0-0: Ball 1-0: Foul Ball, location: 2F 1-1: Ball 2-1: Called Strike 2-2: Ground out 5-3 (Groundball, 56, EV 86.9 MPH)
|
Batting: RHB Ryan Hiemer
|
0-0: Fly out, F4 (Popup, 4S, EV 73.1 MPH)
|
Bottom of the 7th over - 0 runs, 0 hits, 0 errors, 0 left on base; San Antonio 2 - Harrisburg 8 |
TOP OF THE 8TH |
San Antonio Missions batting - Pitching for Harrisburg Senators : LHP Kyle Bachman
|
Batting: SHB Devin Hottenstein
|
0-0: Foul Ball, location: 2F 0-1: Ball 1-1: Foul Ball, location: 2F 1-2: Ball 2-2: Ball 3-2: Single, Error in OF, E8, batter to second base (Groundball, 4MD, EV 93.8 MPH)
|
Batting: RHB Scott Schwartz
|
0-0: Ball 1-0: Ball 2-0: Ground out 4-3 (Groundball, 4M, EV 101.2 MPH) Devin Hottenstein to third
|
Batting: LHB Javy Portela
|
0-0: Ball 1-0: Fly out, F9 (Flyball, 9D, EV 103.8 MPH) Runner from 3rd tags up, SCORES, throw by RF
|
Pitching: RHP Josh Mott
|
|
Batting: SHB Curtis Thompson
|
0-0: Ball 1-0: Ground out 1-3 (Groundball, 15S, EV 68.1 MPH)
|
Top of the 8th over - 1 run, 1 hit, 1 error, 0 left on base; San Antonio 3 - Harrisburg 8 |
BOTTOM OF THE 8TH |
Harrisburg Senators batting - Pitching for San Antonio Missions : RHP John Stepanian
|
Batting: RHB Deshawn Boseman
|
0-0: Called Strike 0-1: Swinging Strike 0-2: Ball 1-2: Ground out 5-3 (Groundball, 56, EV 97.5 MPH)
|
Batting: RHB Jon Buscher
|
0-0: Ball 1-0: Swinging Strike 1-1: Called Strike 1-2: Ball 2-2: Strikes out swinging
|
Batting: RHB John McNeill
|
0-0: Called Strike 0-1: Ball 1-1: Ball 2-1: Fly out, F6 (Line Drive, 6, EV 63.8 MPH)
|
Bottom of the 8th over - 0 runs, 0 hits, 0 errors, 0 left on base; San Antonio 3 - Harrisburg 8 |
TOP OF THE 9TH |
San Antonio Missions batting - Pitching for Harrisburg Senators : RHP Josh Mott
|
Batting: RHB Mario Mejia
|
0-0: Called Strike 0-1: Ball 1-1: Ball 2-1: Foul Ball, location: 2F 2-2: Foul Ball, location: 2F 2-2: Strikes out swinging
|
Batting: LHB Josh Slusarczyk
|
0-0: Called Strike 0-1: Swinging Strike 0-2: Ball 1-2: Ball 2-2: Strikes out looking
|
Batting: RHB Luwen Storm
|
0-0: Called Strike 0-1: Swinging Strike 0-2: Strikes out swinging
|
Top of the 9th over - 0 runs, 0 hits, 0 errors, 0 left on base; San Antonio 3 - Harrisburg 8 |
|